 Dungeon Crawl Stone Soup version 0.28-a0-563-gf77a47075d (webtiles) character file.

Game seed: 17131310674526019844

1708 lunkers the Grappler (level 8, -15/83 HPs)
             Began as a Troll Cinder Acolyte on Sept 30, 2021.
             Was a High Priest of Ignis.
             Demolished by Harold (18 damage)
             ... on level 7 of the Dungeon.
             The game lasted 00:11:37 (4981 turns).

lunkers the Grappler (Troll Cinder Acolyte)         Turns: 4981, Time: 00:11:37

Health: -15/83     AC:  7    Str: 23    XL:     8   Next: 73%
Magic:  8/8        EV:  9    Int: 10    God:    Ignis [*****.]
Gold:   355        SH:  0    Dex:  7    Spells: 9/9 levels left

rFire   + . .      SeeInvis +     - Unarmed
rCold   . . .      Faith    .   (no shield)
rNeg    . . .      Spirit   .   a - +1 robe
rPois   .          Reflect  .   p - +2 hat {SInv}
rElec   .          Harm     .   (no cloak)
rCorr   +          Rampage  .   (gloves unavailable)
Will    .....                   (boots unavailable)
Stlth   +.........              (no amulet)
HPRegen 1.23/turn               f - ring of resist corrosion
MPRegen 0.11/turn               (no ring)

@: marked
A: large, unfitting armour, claws 3, regeneration 1, shaggy fur 1, tough skin 1
a: Renounce Religion, Sea of Fire, Foxfire Swarm, Rising Flame


You were on level 7 of the Dungeon.
You worshipped Ignis.
Ignis was extremely pleased with you.
You visited 1 branch of the dungeon, and saw 7 of its levels.
You also visited: Sewer.

You collected 355 gold pieces.

Inventory:

Missiles
 i - a throwing net
 j - 284 stones (quivered)
 m - 32 poisoned darts
Armour
 a - a +1 robe (worn)
 p - a +2 hat of see invisible (worn)
Jewellery
 f - a ring of resist corrosion (left claw)
 g - a +6 ring of dexterity
 s - an amulet of magic regeneration
Wands
 d - a wand of paralysis (8)
 t - a wand of polymorph (11)
Scrolls
 h - a scroll of silence
 l - 2 scrolls of amnesia
 w - a scroll of fog
Potions
 b - 7 potions of curing
 c - 3 potions of attraction
 e - 2 potions of lignification
 k - a potion of heal wounds
 n - a potion of haste
 o - a potion of resistance
 q - a potion of brilliance
 r - a potion of ambrosia
 u - a potion of flight


   Skills:
 + Level 5.9 Fighting
 * Level 9.7 Unarmed Combat
 - Level 1.0 Spellcasting
 - Level 2.1 Fire Magic


You had 9 spell levels left.
You didn't know any spells.
Your spell library contained the following spells:

 Spells                   Type           Power      Damage    Failure   Level
 Scorch                   Fire           8%         2d5       22%         2
 Sandblast                Erth           0%         2d4       34%         1
 Blink                    Tloc           N/A        N/A       45%         2
 Passwall                 Tmut/Erth      0%         N/A       45%         2
 Lesser Beckoning         Tloc           0%         N/A       71%         3
 Portal Projectile        Hex/Tloc       0%         N/A       71%         3
 Stone Arrow              Conj/Erth      0%         3d7       71%         3
 Passage of Golubria      Tloc           N/A        N/A       98%         4
 Blade Hands              Tmut           0%         N/A       100%        5
 Excruciating Wounds      Necr           0%         N/A       100%        5
 Manifold Assault         Tloc           0%         N/A       100%        5
 Silence                  Hex/Air        0%         N/A       100%        5
 Lehudib's Crystal Spear  Conj/Erth      0%         10d2      100%        8


Dungeon Overview and Level Annotations

Branches:
Dungeon (7/15)             Temple (0/1) D:5           Sewer (visited)

Altars:
Gozag
Nemelex Xobeh
Sif Muna

Shops:
D:1 =   D:6 *

Annotations:
D:7 Harold


Innate Abilities, Weirdness & Mutations

You are too large for most types of armour.
You have claws for hands.
Your natural rate of healing is unusually fast.
You are covered in fur. (AC +1)
You have tough skin. (AC +1)


Message History

You scratch Harold.
Harold is moderately wounded.
Harold hits you with a +0 battleaxe!!
* * * LOW HITPOINT WARNING * * *
You scratch Harold.
Harold is moderately wounded.
Harold closely misses you.
Unknown command.
You barely miss Harold.
Harold is moderately wounded.
Harold hits you with a +0 battleaxe!
* * * LOW HITPOINT WARNING * * *
You scratch Harold.
Harold is heavily wounded.
Harold hits you with a +0 battleaxe!
* * * LOW HITPOINT WARNING * * *
You scratch Harold.
Harold is heavily wounded.
Harold gestures at you while chanting. A sentinel's mark forms upon you.
Unknown command.
You feel much better. Harold hits you with a +0 battleaxe!
* * * LOW HITPOINT WARNING * * *
You feel much better. Harold hits you with a +0 battleaxe!!
* * * LOW HITPOINT WARNING * * *
You claw Harold!
Harold is severely wounded.
Unknown command.
You scratch Harold.
Harold is severely wounded.
Harold hits you but does no damage.
Unknown command.
You scratch Harold but do no damage.
Harold is severely wounded.
Harold hits you with a +0 battleaxe!
* * * LOW HITPOINT WARNING * * *
You scratch Harold.
Harold is almost dead.
Harold hits you with a +0 battleaxe!!
You die...

######...>........
#.......#.########
#.####?##.# #..
#.#....##.# #..
#.#.#####.# #..
#.#.# ..# #..
#.#'##+## ####..
#.###@......#
#)....
#$...@......#
#.....
##..........#
#.....
#.......$..#
#....#
#..........#
#....#
#.......####
#....# #.$.....#
###### #.......#
#......!#


You could see Harold.

Vanquished Creatures
  3 water moccasins
  A black bear (D:4)
  An ogre (D:6)
  A phantom (D:6)
  2 bullfrogs
  A water moccasin zombie (D:6)
  2 water moccasin skeletons
  A centaur zombie (D:6)
  2 bullfrog zombies (D:6)
  2 hounds (D:5)
  A centaur skeleton (D:4)
  A bullfrog skeleton (D:6)
  A gnoll shaman (D:7)
  3 jellies (D:6)
  4 orc priests
  Natasha (twice) (D:4)
  An iguana (D:6)
  2 orc wizards (D:6)
  2 killer bee zombies (D:6)
  A hound skeleton (D:4)
  A howler monkey skeleton (D:6)
  4 gnolls
  8 adders
  A white imp (D:6)
  An ufetubus (D:4)
  An adder skeleton (D:4)
  2 worms
  5 dart slugs
  9 orcs
  10 ball pythons
  11 bats
  12 endoplasms
  4 giant cockroaches
  10 goblins
  4 hobgoblins
  9 kobolds
  3 quokkas
  6 frilled lizards
  6 rats
141 creatures vanquished.

Notes
Turn   | Place    | Note
-------+----------+-------------------------------------------
     0 | D:1      | lunkers the Troll Cinder Acolyte began the quest for the
                  | Orb.
     0 | D:1      | Reached XP level 1. HP: 22/22 MP: 1/1
    71 | D:1      | Reached XP level 2. HP: 29/29 MP: 2/2
   210 | D:1      | Found Ewit Jecw's Jewellery Boutique.
   262 | D:1      | Reached XP level 3. HP: 36/36 MP: 3/3
   432 | D:1      | Reached skill level 4 in Unarmed Combat
   806 | D:2      | Reached XP level 4. HP: 45/45 MP: 4/4
   820 | D:2      | Found a faded altar of an unknown god.
  1703 | D:3      | Reached skill level 5 in Unarmed Combat
  1738 | D:3      | Noticed a water moccasin
  1746 | D:3      | Killed a water moccasin
  1747 | D:3      | Reached XP level 5. HP: 29/54 MP: 5/5
  2278 | D:4      | Reached XP level 6. HP: 59/62 MP: 6/6
  2504 | D:4      | Noticed Natasha
  2512 | D:4      | Killed Natasha
  2523 | D:4      | Reached skill level 6 in Unarmed Combat
  2615 | D:4      | Noticed Natasha
  2622 | D:4      | Killed Natasha
  3224 | D:5      | Entered Level 5 of the Dungeon
  3309 | D:5      | Noticed a water moccasin
  3318 | D:5      | Killed a water moccasin
  3319 | D:5      | Reached skill level 7 in Unarmed Combat
  3319 | D:5      | Reached XP level 7. HP: 59/71 MP: 7/7
  3534 | D:5      | Found a staircase to the Ecumenical Temple.
  3587 | D:5      | Found a shimmering blue altar of Sif Muna.
  3662 | D:5      | Found a glowing drain.
  3673 | Sewer    | Entered a sewer
  4179 | D:6      | Reached skill level 8 in Unarmed Combat
  4184 | D:6      | Reached skill level 5 in Fighting
  4324 | D:6      | Reached XP level 8. HP: 73/80 MP: 8/8
  4429 | D:6      | Found an opulent altar of Gozag.
  4430 | D:6      | Found a sparkling altar of Nemelex Xobeh.
  4467 | D:6      | Reached skill level 9 in Unarmed Combat
  4518 | D:6      | Found Ufikev's Gadget Gallery.
  4965 | D:7      | Noticed Harold
  4974 | D:7      | HP: 1/83 [Harold (15)]
  4980 | D:7      | HP: 2/83 [Harold (11)]
  4981 | D:7      | Demolished by Harold

Illustrated notes

Levels and vault maps discovered:
D:1:      shiori_shiawase, layout_loops_ring, serial_shops, shop,
          minmay_tromino_v4_c
D:2:      layout_loops_ring, hellmonk_ecumenical_altar_lost_god,
          lemuel_old_faithful
D:3:      layout_loops_ring
D:4:      layout_loops_corners, supply_closet_lemuel, minmay_cut_off,
          uniq_natasha
D:5:      layout_basic, mainiacjoe_overflow_24_doors,
          minmay_temple_entry_proselytizer, gup_sewer_entry_bubbles,
          minivault_23
D:6:      layout_cave_pools, grunt_temple_overflow_opulence, serial_undead,
          serial_undead_b, serial_undead_d, serial_undead_c, serial_undead_d,
          nicolae_shop_gadgets
D:7:      layout_basic, uniq_harold

Skill      XL: |  1  2  3  4  5  6  7  8 |
---------------+-------------------------+-----
Unarmed Combat | 4 5 7 8 9 |  9.7
Fighting       | 3 4 5 |  5.9
Spellcasting   | |  1.0
Fire Magic     | |  2.1

Action                   |  1- 3 |  4- 6 |  7- 9 || total
-------------------------+-------+-------+-------++-------
Melee: Unarmed           |    85 |   157 |   160 ||   402
       Punch             |       |     1 |     7 ||     8
Throw: Stone             |       |    20 |    34 ||    54
  Use: Scroll            |       |    13 |     5 ||    18
       Potion            |       |       |     3 ||     3
Armor: Robe              |    31 |    55 |    75 ||   161
Dodge: Dodged            |    25 |    64 |    61 ||   150

Table legend: (Time is in decaauts)
 A = Elapsed time spent in this place.
 B = Non-inter-level travel time spent in this place.
 C = Inter-level travel time spent in this place.
 D = Time resting spent in this place.
 E = Time spent auto-exploring this place.
 F = Levels seen in this place.
 G = Mean time per level.
                   A        B        C        D        E       F      G
               +--------+--------+--------+--------+--------+-----+--------+
         Total |   4978 |   4772 |    206 |     20 |   3783 |   8 |  622.2 |
       Dungeon |   4827 |   4621 |    206 |     20 |   3677 |   7 |  689.6 |
         Sewer |    151 |    151 |      0 |      0 |    106 |   1 |  151.0 |
               +--------+--------+--------+--------+--------+-----+--------+

Top non-repeatable levels by time:
     D:4: 1031 daAuts
     D:5: 793 daAuts
     D:2: 753 daAuts
     D:3: 733 daAuts
     D:1: 693 daAuts
     D:6: 614 daAuts
     D:7: 207 daAuts
   Sewer: 151 daAuts
